Cogmind - Beta 17 @@@ ROGUE MODE // 2026.07.07 @ 21:02:18 Player: Cinder Result: Destroyed by as-62692 with Assembled Heavy Rifle Performance ------------- Evolutions (0) 0 Regions Visited (4) 800 Robots Destroyed (24) 120 Value Destroyed (524) 524 Prototype IDs (24) 480 Alien Tech Used (0) 0 Bonus (6128) 6128 TOTAL SCORE: 8052 Bonus ------- Follower Combat Kills 67 Prayed to X0-1V1 5000 Major X0-1V1 Interference 800 Aligned with FarCom 300 Friendly Fire -39 Cogmind --------- Core Integrity 0/200 Matter 361/700 Energy 250/250 System Corruption 3% Temperature Cool (0) Movement Rolling (110) Ox2 Location -9/Mines Parts ------- > --- POWER (1) -------- Ion Engine > --- PROPULSION (2) --- Wheel Wheel > --- UTILITY (2) ------ High-capacity Storage Unit X0-1V1's Piety Tracker > --- WEAPON (2) ------- Small Laser > --- INVENTORY (20) --- Ion Engine Wheel Wheel Heat Sink Improved Heat Sink Medium Battery (150) High-capacity Matter Pod (200) ECM Suite Light Armor Plating Latent Energy Streamer Grenade Launcher Grenade Launcher Peak State ------------ > --- POWER ------------ Ion Engine > --- PROPULSION ------- Wheel Wheel > --- UTILITY ---------- High-capacity Storage Unit X0-1V1's Piety Tracker > --- WEAPON ----------- Small Laser Latent Energy Streamer > --- INVENTORY -------- Ion Engine Wheel Wheel Heat Sink Improved Heat Sink Medium Battery High-capacity Matter Pod ECM Suite Light Armor Plating Grenade Launcher Grenade Launcher [Rating: 29] Favorites ----------- Power Ion Engine Engine Ion Engine Power Core Light Nuclear Core Propulsion Compact Wheel Wheel Compact Wheel Utility High-capacity Storage Unit Device X0-1V1's Piety Tracker Storage High-capacity Storage Unit Weapon Beam Cannon Energy Gun Small Laser Energy Cannon Beam Cannon Launcher Grenade Launcher Build | -11 -10 -10 -10 -9 ------- Run | Yrd Mat Min Exi Min Slots Evolved . | . . . . . Power . | . . . . . Propulsion . | . . . . . Utility . | . . . . . Weapon . | . . . . . Parts Attached 25 | 6 14 . . 5 Power 6 | 1 4 . . 1 Engine 5 | 1 3 . . 1 Core 1 | . 1 . . . Reactor . | . . . . . Propulsion 6 | 2 2 . . 2 Treads . | . . . . . Leg . | . . . . . Wheel 6 | 2 2 . . 2 Hover . | . . . . . Flight . | . . . . . Utility 6 | 1 5 . . . Device 3 | . 3 . . . Storage 3 | 1 2 . . . Processor . | . . . . . Hackware . | . . . . . Protection . | . . . . . Artifact . | . . . . . Weapon 7 | 2 3 . . 2 Energy Gun 3 | 2 . . . 1 Energy Cannon 3 | . 2 . . 1 Ballistic Gun . | . . . . . Ballistic Cannon . | . . . . . Launcher 1 | . 1 . . . Special Weapon . | . . . . . Impact Weapon . | . . . . . Slashing Weapon . | . . . . . Piercing Weapon . | . . . . . Special Melee Weapon . | . . . . . Unidentified Prototypes 1 | . 1 . . . Parts Lost 10 | . 4 . . 6 Power 2 | . 1 . . 1 Propulsion 4 | . 2 . . 2 Utility . | . . . . . Weapon 4 | . 1 . . 3 Highest Loss Streak 6 | . 3 . . 6 To Critical Strikes . | . . . . . Average Backups 11 | 1 9 15 15 14 Power 1 | . 1 2 2 1 Propulsion 2 | . 2 4 4 3 Utility 3 | . 2 5 4 5 Weapon 3 | . 3 4 4 4 Tool/Special . | . . . . . Unused Backups 10 | . 1 . 1 8 Power 2 | . 1 . . 1 Propulsion 2 | . . . . 2 Utility 5 | . . . 1 4 Weapon 1 | . . . . 1 Tool/Special . | . . . . . Average Slot Usage (%) 95 | . 94 100 100 90 Engine 10 | . 8 14 14 11 Core 2 | . 4 . . . Wheel 27 | . 27 28 28 26 Device 11 | . 9 14 14 14 Storage 14 | . 14 14 14 14 Energy Gun 12 | . 10 14 14 14 Energy Cannon 14 | . 17 14 14 8 Peak Build Rating 29 | 6 20 20 21 29 Average Rating 14 | 4 9 20 20 20 On Entrance 13 | . 6 20 20 21 Avg Prop Armor Cover (%) . | . . . . . Naked Turns . | . . . . . Heaviest Build 57 | 10 52 50 50 57 Greatest Support 32 | 26 32 26 26 26 Greatest Overweight (x) 3 | . 3 1 1 2 Average Overweight (x) 1 | . . 1 1 1 Largest Inventory Capacity 20 | 8 20 20 20 20 Average Capacity 19 | 7 19 20 20 20 Most Carried 17 | 2 15 15 17 17 Average Carried 11 | 1 9 15 15 14 Final Capacity 20 | 8 20 20 20 20 Final Carried 16 | 2 15 15 16 12 Class Distribution -------------------- 100% | Mutant Dominant Class ---------------- Mutant | -10/Materials Mutant | -10/Mines Mutant | -10/Exiles Mutant | -9/Mines Resources | -11 -10 -10 -10 -9 ----------- Run | Yrd Mat Min Exi Min Matter Collected 768 | 260 197 . 220 91 Remotely . | . . . . . Salvage Created 708 | . 444 . . 264 Parts 50 | . 33 . . 17 Haulers Intercepted . | . . . . . Recyclers Shooed . | . . . . . Parts Field Recycled . | . . . . . Retrieved Matter . | . . . . . Parts Self-Destructed . | . . . . . Prevented . | . . . . . Parts Restored . | . . . . . Kills | -11 -10 -10 -10 -9 ------- Run | Yrd Mat Min Exi Min Combat Hostiles Destroyed 19 | . 11 . . 8 Guns 6 | . 2 . . 4 Cannons 10 | . 7 . . 3 AOE 3 | . 2 . . 1 Classes Destroyed 8 | . 6 . . 2 Worker 2 | . 2 . . . Builder 1 | . 1 . . . Tunneler 1 | . 1 . . . Watcher 1 | . 1 . . . Swarmer 8 | . 4 . . 4 Grunt 9 | . 7 . . 2 Duelist 1 | . . . . 1 Sentry 1 | . . . . 1 Best Kill Streak 5 | . 5 . . 4 Combat Bots Only 4 | . 4 . . 4 Max Kills in Single Turn 2 | . 2 . . 1 Gunslinging . | . . . . . Exploded 2 | . 2 . . 1 Melee . | . . . . . Uniques/NPCs Destroyed . | . . . . . Combat | -11 -10 -10 -10 -9 -------- Run | Yrd Mat Min Exi Min Hostile Shots Fired 82 | . 44 . . 38 Missed 20 | . 10 . . 10 Hits 62 | . 34 . . 28 Melee 6 | . . . . 6 Projectile 56 | . 34 . . 22 Critical Strikes 2 | . 1 . . 1 Damage Taken 869 | . 362 . . 507 Core 254 | . 122 . . 132 Absorbed by Shields . | . . . . . Core Remaining (%) 100 | 100 . . . . Volleys Fired 48 | . 29 . . 19 Largest 2 | . 2 . . 2 Hottest 120 | . 120 . . 100 Shots Fired 92 | . 57 . . 35 Gun 32 | . 13 . . 19 Cannon 59 | . 43 . . 16 Launcher 1 | . 1 . . . Special . | . . . . . Kinetic . | . . . . . Thermal 90 | . 56 . . 34 Explosive 1 | . 1 . . . Electromagnetic 1 | . . . . 1 Robot Hit Streak 5 | . 4 . . 5 Robot Miss Streak 3 | . 3 . . 1 Penetration Max . | . . . . . Secondary Targets . | . . . . . Shots Hit Robots 51 | . 29 . . 22 Core Hits 34 | . 19 . . 15 Critical Kills . | . . . . . Critical Parts Destroyed . | . . . . . Critical Strikes . | . . . . . Melee Attacks . | . . . . . Impact . | . . . . . Slashing . | . . . . . Piercing . | . . . . . Sneak Attacks . | . . . . . Combat Hostiles . | . . . . . Follow-up Attacks . | . . . . . Damage Inflicted 953 | . 607 . . 346 Guns 258 | . 97 . . 161 Cannons 515 | . 386 . . 129 Explosions 180 | . 124 . . 56 Melee . | . . . . . Ramming . | . . . . . Kinetic . | . . . . . Thermal 767 | . 483 . . 284 Explosive 124 | . 124 . . . Electromagnetic 62 | . . . . 62 Impact . | . . . . . Slashing . | . . . . . Piercing . | . . . . . Highest Corruption 3 | . . . . 3 Average Corruption 2 | . . . . 2 Corruption Purged . | . . . . . Corruption Blocked . | . . . . . Effects 2 | . . . . 2 Energy Discharges 1 | . . . . 1 Data Loss (major) 1 | . . . . 1 Overload Shots . | . . . . . Overflow Damage 30 | . 30 . . . Projectiles . | . . . . . Explosions 30 | . 30 . . . Melee . | . . . . . Knockbacks . | . . . . . Impact . | . . . . . Kinetic . | . . . . . Secondary . | . . . . . Self-Inflicted Damage . | . . . . . Shots . | . . . . . Rammed . | . . . . . Targets Rammed . | . . . . . Kicked . | . . . . . Crushed . | . . . . . Highest Temperature 531 | . 531 . . 234 Average Temperature 113 | . 134 . . 80 Received Heat Transfer 201 | . 168 . . 33 Effects 10 | . 10 . . . Shutdowns 2 | . 2 . . . Energy Bleed 1 | . 1 . . . Interference 2 | . 2 . . . Matter Decay 1 | . 1 . . . Damage (minor) 2 | . 2 . . . Damage (major) 2 | . 2 . . . Siege Activations . | . . . . . Martial Activations . | . . . . . Shielding Activations . | . . . . . Robots Disrupted . | . . . . . Combat Hostiles . | . . . . . Robots Corrupted . | . . . . . Combat Hostiles . | . . . . . Parts Fried . | . . . . . Impact Corruptions . | . . . . . Robots Melted . | . . . . . Combat Hostiles . | . . . . . Parts Melted 3 | . 2 . . 1 Heat Transferred 1673 | . 1039 . . 634 Parts Sabotaged . | . . . . . Parts Stolen . | . . . . . Parts Stripped . | . . . . . Power Chain Reactions . | . . . . . Latent Energy Used 48 | . . . . 48 LE Corruption 1 | . . . . 1 Alert | -11 -10 -10 -10 -9 ------- Run | Yrd Mat Min Exi Min Maximum Alert Level 1 | . 1 . . . Low Security (%) 97 | 100 95 100 . 100 Level 1 2 | . 4 . . . Level 2 . | . . . . . Level 3 . | . . . . . Level 4 . | . . . . . Level 5 . | . . . . . High Security . | . . . . . Max Security . | . . . . . Peak Influence 213 | . 213 54 . 137 Initial 54 | . . 54 . . Average 105 | . 123 50 . 78 Influence Increases 744 | . 497 . . 247 Destroy 0b10 Robot/C 440 | . 220 . . 220 Destroy 0b10 Robot/NC 25 | . 25 . . . Destroy Leader 92 | . 72 . . 20 Allied During Kill 7 | . . . . 7 Successful Hack 31 | . 31 . . . Select Force Hacks 60 | . 60 . . . Destroy Structure 14 | . 14 . . . Lose Combat Pursuer 75 | . 75 . . . Influence Decreases 687 | . 356 97 44 190 Entered New Map 131 | . . 87 44 . Time Decay 456 | . 316 10 . 130 Lost Part 100 | . 40 . . 60 Squads Dispatched 5 | . 5 . . . Investigation 3 | . 3 . . . Extermination . | . . . . . Reinforcement 2 | . 2 . . . Assault . | . . . . . Garrison . | . . . . . Intercept . | . . . . . Searches Triggered . | . . . . . Construction Impeded . | . . . . . Haulers Reinforced . | . . . . . Active Scanning Responses . | . . . . . Cargo Convoy Interrupts . | . . . . . Stealth | -11 -10 -10 -10 -9 --------- Run | Yrd Mat Min Exi Min Distress Signals 3 | . 3 . . . Communications Jammed . | . . . . . Distress Signals . | . . . . . Times Spotted 42 | . 21 . . 21 Peak Tracking Total 20 | . 5 . . 20 Tactical Retreats 3 | . 3 . . . Traps | -11 -10 -10 -10 -9 ------- Run | Yrd Mat Min Exi Min Traps Triggered 1 | . 1 . . . Indirectly . | . . . . . Trap Hack Attempts . | . . . . . Triggered . | . . . . . Disarmed . | . . . . . Reprogrammed . | . . . . . Reused . | . . . . . Traps Extracted . | . . . . . Installed . | . . . . . Triggered . | . . . . . Machines | -11 -10 -10 -10 -9 ---------- Run | Yrd Mat Min Exi Min Machines Disabled . | . . . . . Max in Single Turn . | . . . . . Machines Repaired . | . . . . . Machines Dismantled . | . . . . . Machines Sabotaged . | . . . . . Overloaded Fab Kills . | . . . . . Hacking | -11 -10 -10 -10 -9 --------- Run | Yrd Mat Min Exi Min Machines Accessed 10 | . 8 . 2 . Terminals 6 | . 6 . . . Fabricators . | . . . . . Repair Stations . | . . . . . Recycling Units 2 | . 2 . . . Scanalyzers . | . . . . . Garrison Access . | . . . . . Total Hacks 21 | . 19 . 2 . Successful 10 | . 8 . 2 . Failed 11 | . 11 . . . Catastrophic 1 | . 1 . . . Database Lockouts . | . . . . . Manual 15 | . 14 . 1 . Terminals 16 | . 16 . . . Fabricators . | . . . . . Repair Stations . | . . . . . Recycling Units 3 | . 3 . . . Scanalyzers . | . . . . . Garrison Access . | . . . . . Terminal Hacks 4 | . 2 . 2 . Record 1 | . . . 1 . Part Schematic 1 | . 1 . . . Branch Access Points 1 | . 1 . . . Proto ID Catalog 1 | . . . 1 . Fabricator Hacks . | . . . . . Repair Station Hacks . | . . . . . Recycling Unit Hacks . | . . . . . Scanalyzer . | . . . . . Garrison Access Hacks . | . . . . . Unauthorized Hacks 6 | . 6 . . . Terminals 4 | . 4 . . . Botnet 4 | . 4 . . . Fabricators . | . . . . . Repair Stations . | . . . . . Recycling Units 2 | . 2 . . . Tunnel 2 | . 2 . . . Scanalyzers . | . . . . . Garrison Access . | . . . . . Data Cores Recovered . | . . . . . Used . | . . . . . Hacking Detections 6 | . 6 . . . Full Trace Events 3 | . 3 . . . Feedback Events . | . . . . . Feedback Blocked . | . . . . . Robot Schematics Acquired . | . . . . . Robots Built . | . . . . . Authchips . | . . . . . Time . | . . . . . Total Robot Build Rating . | . . . . . Part Schematics Acquired 1 | . 1 . . . Parts Built . | . . . . . Authchips . | . . . . . Time . | . . . . . Total Part Build Rating . | . . . . . Part Studies Acquired . | . . . . . Parts Repaired . | . . . . . Time . | . . . . . Parts Recycled . | . . . . . Recycled Matter . | . . . . . Retrieved Matter . | . . . . . Retrieved Components . | . . . . . Parts Scanalyzed . | . . . . . Part Schematics Acquired . | . . . . . Parts Damaged . | . . . . . Bothacking | -11 -10 -10 -10 -9 ------------ Run | Yrd Mat Min Exi Min Used RIF Installer . | . . . . . Robots Hacked . | . . . . . Non-combat . | . . . . . Combat . | . . . . . Robot Hacks Applied . | . . . . . Relay Couplers Released . | . . . . . Fabnet Peak Effective % . | . . . . . Robots Rewired . | . . . . . Allies Hacked . | . . . . . Hacks Repelled . | . . . . . Allies | -11 -10 -10 -10 -9 -------- Run | Yrd Mat Min Exi Min Total Allies 2 | . . . . 2 Largest Group 2 | . . . . 2 Highest-Rated Group 10 | . . . . 10 Highest-Rated Ally 5 | . . . . 5 Total Orders . | . . . . . Ally Attacks 5 | . . . . 5 Total Damage 28 | . . . . 28 Kills 3 | . . . . 3 Allies Corrupted . | . . . . . Allies Melted . | . . . . . X0-1V1 Amusement Gains 118 | . 20 . . 98 Good Acts 4 | . . . . 4 Bad Acts 6 | . . 1 . 5 Intel | -11 -10 -10 -10 -9 ------- Run | Yrd Mat Min Exi Min Active Infowar (turns) . | . . . . . Robot Analysis Total . | . . . . . Derelict Logs Recovered 2 | . . 1 . 1 Drone Launches . | . . . . . Drone Recoveries . | . . . . . Exploration | -11 -10 -10 -10 -9 ------------- Run | Yrd Mat Min Exi Min Turns Passed 1351 | 44 721 28 297 261 Spaces Moved 1044 | 38 523 27 280 176 Core 3 | 3 . . . . Treads . | . . . . . Legs . | . . . . . Wheels 1041 | 35 523 27 280 176 Hover . | . . . . . Flight . | . . . . . Fastest Speed 50 | 50 90 105 105 105 Average Speed 105 | 87 107 105 105 107 Slowest Speed 145 | 100 145 105 105 110 Overloaded Moves . | . . . . . Propulsion Burnouts . | . . . . . Robots Hopped . | . . . . . Potential Cave-ins . | . . . . . Cave-ins Triggered . | . . . . . Exploration Rate (%) 45 | 3 98 8 70 47 Regions Visited 4 Branch Regions 3 Pre-discovered Areas 2 | . 2 . . . Known Exits Taken 1 | . 1 . . . Unknown Exits Taken 3 | 1 . 1 1 . Scrap Searched 1 | . . . . 1 Spaces Dug . | . . . . . Terrain Destroyed 11 | . 11 . . . Melee . | . . . . . Projectile . | . . . . . AOE 11 | . 11 . . . Terrain Rammed . | . . . . . Walls Destroyed . | . . . . . Machines Disabled . | . . . . . Actions | -11 -10 -10 -10 -9 --------- Run | Yrd Mat Min Exi Min Total 1196 | 46 627 26 284 213 Wait 44 | . 34 . . 10 Move 1040 | 37 522 26 279 176 Hop . | . . . . . Pick Up 21 | 3 14 . 3 1 Fast Attach 12 | 5 7 . . . Attach 12 | 1 5 . . 6 Detach 8 | . 7 . . 1 Swap 3 | . 3 . . . Drop 8 | . 6 . 2 . Fire 48 | . 29 . . 19 Melee . | . . . . . Ram . | . . . . . Kick . | . . . . . Crush . | . . . . . Escape Stasis . | . . . . . Rewire . | . . . . . Trap . | . . . . . Miscellaneous . | . . . . . Route ------- -11/Scrapyard -10/Materials (discovered 5 exits: [*Mat x3] / *Min / [*Sub]) -10/Mines -10/Exiles -9/Mines History --------- Turn | Location | Event 16 | -11/Scrapyard | Discovered new exit (range 16) 45 | -11/Scrapyard | Entered Materials 212 | -10/Materials | Discovered new exit (range 15) 316 | -10/Materials | Build established: Mutant 434 | -10/Materials | Discovered new exit (range 14) 495 | -10/Materials | Lost 3 parts (1p1n1w) 580 | -10/Materials | Discovered new exit (range 3) 589 | -10/Materials | Identified exit to Mines 737 | -10/Materials | Discovered new exit (range 9) 745 | -10/Materials | Prayed at D.C.S.S. Altar Unit 766 | -10/Materials | Entered Mines 780 | -10/Mines | Learned Materials stockpile data 789 | -10/Mines | Deemed a non-threat by the Exiles lab entrance 790 | -10/Mines | Discovered new exit (range 5) 794 | -10/Mines | Entered Exiles 821 | -10/Exiles | Met 8R-AWN 838 | -10/Exiles | Met EX-HEX 867 | -10/Exiles | Met EX-BIN 882 | -10/Exiles | Aligned with FarCom system 883 | -10/Exiles | Given EX-Vault access code 908 | -10/Exiles | Opened EX-Vault 915 | -10/Exiles | Found Latent Energy Streamer 951 | -10/Exiles | Warned to stay clear of 0b10 Research branches 1020 | -10/Exiles | Met EX-DEC 1083 | -10/Exiles | Discovered new exit (range 10) 1091 | -10/Exiles | Left Exiles lab with Latent Energy Streamer 1091 | -10/Exiles | Entered Mines 1096 | -9/Mines | Core integrity fell below 50% 1124 | -9/Mines | Melee accuracy permanently improved by X0-1V1 (+5%; -50 max core) 1127 | -9/Mines | Met a Derelict bent on vengeance 1129 | -9/Mines | Found a damaged Exp. Sensor Array with a note attached 1196 | -9/Mines | X0-1V1 sent allied S-10 Pest (x2) 1205 | -9/Mines | Learned location of 1 exit from Materials 1232 | -9/Mines | X0-1V1 upgraded hostiles (x1) 1244 | -9/Mines | Core integrity fell below 20% 1271 | -9/Mines | Lost 6 parts (1p2n3w) 1338 | -9/Mines | Assembled infested the area 1352 | -9/Mines | Destroyed by as-62692 with Assembled Heavy Rifle Last Messages --------------- 01234_ Movement behavior is fully back under control. 01235_ X0-1V1: "The ol' switcheroo!" L-41 Fighter form resolidifies at new position. T-07 Excavator form resolidifies at new position. Form resolidifies at new position. 01239_ The unstable cave ceiling collapses. 01240_ Sml. Laser destroyed. 01244_ The unstable cave ceiling collapses. 01287_ System corrupted: Substantial component data lost. 01303_ K-01 Serf collects debris. 01309_ L-41 Fighter destroyed. 01318_ Searching scrap... 01318_ Found Propulsion Shielding. 01318_ Found 33 Matter. 01319_ Acquired 33 matter. 01338_ ALERT: Infestation in the mines, dispatching Demolisher response squad. 01338_ X0-1V1 thinks this is hilarious! 01344_ X0-1V1 is highly amused! 01352_ X0-1V1 howls with laughter! Map ----- +----------------------------------------------------+ | ?????????# #???????# #?????????????????? | | ?????????# #???????#### ### #?????????????????? | | ?????????# #????####??# ###?? #?????????????????? | | ?????##### #???# #??# #???????????????????????? | | ?????# #??# #???# #???????????????????????? | | ?????# ### ### ##?? #???????????????????????? | | ????????## ## #???????????????????????? | | ????????# ???????????????????????? | | ????????# ???????????????????????? | | ????????## ???????????????????????? | | ?????????# ## ???????????????????????? | | ?????????# #? #### #??????????????????????? | | ?????????# #?? #???? ##??????????????????????? | | ?????????# #?? #??????###????????????????????????? | | ?????????# ## #?????????????????????????????????? | | ?????????# #?????????????????????????????????? | | ?????????# ## #????????????????????????????????? | | ?????????# #?? ##??????#???????????????????????? | | ?????????# #??? ##???## ???????????????????????? | | ?????????# #??? #???# ???????????????????????? | | ?????????# #??? #??## ???????????????????????? | | ?????????# #???# ##??# ???????????????????????? | | ?????????# ##### ##??? ??????????????#????????? | | ?????????# / #???# #????????????# #????????? | | ?????????# ####%! #???# ######?????? ##???????? | | ???????? #??## ##???# @ a #???## ##??????? | | ???????### #???# ###### ####a#### #??????? | | ?????????# #???# #??# #?????? | | ?????????# ##### ########??###### #? | | ?????# ###?????????????## ? | | ?????????### ### #???????????????? ?? | | ???????????????# #????????????????? ?? | | ???????????????### ##?????????????????? ??? | | ?????????????????# ##?????????????????? ??? | | ?????????????????# #??????????????????? ??? | | ????????????????# ! #???????????????????? ???? | | ????????????????# #???????????????????? ???? | | ????????????????## #????????????????????????? | | ?????????????????## #????????????????????????? | | ??????????????????## #????????????????????????? | | ???????????????????## ##????????????????????????? | | ?????????????????????###?????????????????????????? | | ?????????????????????????????????????????????????? | | ?????????????????????????????????????????????????? | | ?????????????????????????????????????????????????? | | | | | | | | | | | +----------------------------------------------------+ Best States ------------- Heat Dissipation 39 Energy Generation 14 Energy Capacity 250 Matter Stores 373 Matter Capacity 700 Sight Range 16 Terrain Scan Density 10 Evasion (%) 42 Item Schematics ----------------- Huge Storage Unit | -10/Materials | Hacked Robot Schematics ------------------ None Fabricated ------------ Nothing Repaired ---------- Nothing Studied --------- None Alien Tech Used ----------------- None Achievements -------------- None Challenges ------------ None Game ------ Seed ModifiedPointKinecellerator Manual? 0 Play Time 00:15:21 Cumulative 179.1 hours Start 2026.07.07 @ 20:48:18 End 2026.07.07 @ 21:02:18 Sessions 3 Manual Loads 0 Difficulty Rogue Special Mode None Game No. 243 Rogue 243 Adventurer 0 Explorer 0 Win Type - Total 3 Types 3/0/0/0/0/0/0/0/0/0 Lore% 77 Gallery% 56 Achievement% 43 Wizard Run 0 Options --------- Layout 0 ASCII 0 Keyboard 0 Movement Numpad Keybinds 0 Fullscreen 1 Font 18/Terminus Map View 76x50 Zoom Use 0% Tactical HUD 1 Map Filters NONE Filters NONE Steam 1 RUN: d8fd4059-5f4a-44dc-9634-24330c304a43